nyob, lawful female human Valkyrie ---------- ----- ----- |........+# |...| |....#####|........|# |.... --------- -------- |.^.| #|........|# #-...| |.......| ###.......| |...-# #|........|# ###|...| |...>....##### |......| |...|# #|........|# # ---|- |.......| # |......| -----# #------|---# # ###### -----.-.- .......| # ########## # # # ##### ---.---- # # # # # ## ### # # ### ##% # ### # # # # # # ########### # #### ##### ### # -+----.--+------ # #------.------ # # ---------# |..............| ### #-............#####[##-.......|# |..............| # |...........| # #|.....{.|# |..............| --S----- |...........| |........# |..............| |..@...| |...<.......| |.......| ---------------- |.SSS..| ------------- |.......| |......| --------- -------- nyob the Skirmisher Experience level: 5 Strength: 17 Dexterity: 12 Constitution: 18 Intelligence: 12 Wisdom: 9 Charisma: 8 Health: 0(52) Energy: 15(15) Def: 9 Gold: 699 Moves: 1998 Dungeon seed: UVv9Pxi7cbVwr0d7 Game ID: nyob_1531764580 Your Inventory: Coins $ - 699 gold pieces Weapons a - a blessed +1 long sword (weapon in hand) b - a +0 dagger (in quiver) h - a +0 orcish dagger k - a cursed -1 flail t - a cursed -1 orcish dagger Armor e - an uncursed +3 small shield (being worn) q - an uncursed +1 orcish helm (being worn) z - a blessed +0 studded leather armor (being worn) Comestibles c - 2 uncursed food rations d - an uncursed tripe ration g - an uncursed apple Scrolls m - an uncursed scroll of genocide Spellbooks i - an uncursed spellbook of invisibility p - an uncursed spellbook of light Rings j - an uncursed ring of shock resistance Wands l - a wand of cancellation (0:3) Tools s - an uncursed blindfold Gems n - an uncursed amber stone r - an uncursed worthless piece of yellow glass y - an uncursed topaz stone Spells and supernatural/magical abilities: Name Level Category Fail Memory W - pray for help -- divine ? -- Your skills at the end: Fighting Skills Weapon Skills dagger [Basic] long sword [Basic] Spellcasting Skills Final Attributes: You were piously aligned. You were cold resistant. You were telepathic. You were stealthy. You are dead. Vanquished creatures: a leprechaun a fog cloud a floating eye a homunculus 2 hill orcs 2 orc zombies a wererat 2 iguanas an acid blob a gas spore 3 manes 3 giant rats a brown mold a yellow mold a green mold 3 jackals 2 kobolds 3 goblins 5 sewer rats 2 bats 2 lichens a kobold zombie 4 newts 44 creatures vanquished. Voluntary challenges: You had been an atheist until turn 1994. You used a wielded weapon 43 times, starting on turn 79. You were illiterate. You never genocided any monsters. You never polymorphed an object. You never changed form. You used no wishes. You never split a pudding. You never wrote Elbereth's name. You never violated your personal moral code. Dungeon overview: The Dungeons of Doom: levels 1 to 5 Level 1 a fountain a long staircase Level 2 a general store, a sink a long staircase Level 3 a weapon shop Level 4 some fountains Level 5 <- You were here some fountains History has recorded: On T:1 you entered the Dungeons of Doom to retrieve the Amulet of Yendor! On T:180 you advanced to experience level 2. On T:244 you reached level 2 of The Dungeons of Doom. On T:487 you advanced to experience level 3. On T:637 you reached level 3 of The Dungeons of Doom. On T:919 you reached level 4 of The Dungeons of Doom. On T:1040 you advanced to experience level 4. On T:1271 you reached level 5 of The Dungeons of Doom. On T:1967 you advanced to experience level 5. Score breakdown: Gold: 699 ( 9678 points) Experience: 5 levels (11141 points) Exploration: 5 levels ( 10.42%) ( 8751 points) Discoveries: 0 items ( 0.00%) ( 0 points) Valuables value: (no points given unless you survive) Artifact value: 0 ( 0 points) Variety of kills: 23 monsters ( 6.04%) ( 7370 points) Turncount: 1998 turns ( 0 points) Survival: died (score multiplied by 80%) Total score: 29552 Latest messages: A strange tingling runs up your arm. An endless stream of snakes pours forth! The water moccasin bites! (2x) The water moccasin misses. (2x) You miss the water moccasin. The water moccasin bites! The water moccasin just misses! The water moccasin bites! (4x) The water moccasin just misses! The water moccasin bites! You begin praying to Tyr. You are surrounded by a shimmering light. The water moccasin starts to attack you, but pulls back. (12x) You feel that Tyr is well-pleased. Your long sword softly glows with a light blue aura and is now as good as new. You hit the water moccasin. The water moccasin just misses! The water moccasin bites! (3x) The water moccasin misses. The water moccasin bites! (3x) You miss the water moccasin. The water moccasin bites! You die... Final status: Farvel nyob the Valkyrie, killed by a water moccasin... You died in The Dungeons of Doom on dungeon level 5 with 29552 points, and 699 pieces of gold, after 1998 moves. You were level 5 with a maximum of 52 hit points when you died.